 Dungeon Crawl Stone Soup version 0.25.1-2-g60ff931 (webtiles) character file.

Game seed: 1788871190116554457

15 Atlas the Chiller (level 2, -1/22 HPs)
             Began as a Naga Ice Elementalist on Aug 2, 2020.
             Slain by a kobold (2 damage)
             ... on level 1 of the Dungeon.
             The game lasted 00:00:51 (568 turns).

Atlas the Chiller (Naga Ice Elementalist)            Turns: 568, Time: 00:00:52

Health: -1/22      AC:  2    Str: 10    XL:     2   Next: 50%
Magic:  0/5        EV:  9    Int: 15    God:
Gold:   46         SH:  0    Dex: 11    Spells: 4/5 levels left

rFire    . . .     SeeInvis +   (no weapon)
rCold    . . .     Gourm    .   (no shield)
rNeg     . . .     Faith    .   b - +0 leather armour
rPois    +         Spirit   .   (no helmet)
rElec    .         Reflect  .   (no cloak)
rCorr    .         Harm     .   (no gloves)
MR       .....                  (no barding)
Stlth    ++........             (no amulet)
HPRegen  0.07/turn              (no ring)
MPRegen  0.09/turn              (no ring)

@: very slightly contaminated, very slow
A: large, see invisible, deformed body, poison resistance, slowness 2, slow
metabolism 1, spit poison 1, AC +0
a: Spit Poison


You were on level 1 of the Dungeon.
You were not hungry.

You visited 1 branch of the dungeon, and saw 1 of its levels.

You collected 46 gold pieces.

Inventory:

Armour
 b - a +0 leather armour (worn)
Scrolls
 d - 2 scrolls of identify {unknown}
 e - a scroll of random uselessness {unknown}
 f - a scroll of remove curse {unknown}
Potions
 a - a potion of curing {unknown}
Comestibles
 c - a ration
 g - 2 chunks of flesh


   Skills:
 + Level 0.4 Armour
 + Level 1.6 Dodging
 + Level 3.2 Stealth
 + Level 2.1 Spellcasting
 + Level 4.3 Ice Magic


You had 4 spell levels left.
You knew the following spells:

 Your Spells              Type           Power        Failure   Level  Hunger
a - Freeze                Ice            ##..         4%          1    #......

Your spell library contained the following spells:

 Spells                   Type           Power        Failure   Level  Hunger
 Frozen Ramparts          Ice            ##....       16%         3    ###....
 Ozocubu's Armour         Chrm/Ice       #.......     36%         3    ###....
 Hailstorm                Conj/Ice       #.......     77%         4    #####..
 Summon Ice Beast         Ice/Summ       #.......     77%         4    #####..


Dungeon Overview and Level Annotations

Branches:
Dungeon (1/15)

Altars:


Innate Abilities, Weirdness & Mutations

You cannot wear boots.
Your serpentine skin is tough. (AC +0)
You have supernaturally acute eyesight. (SInv)
Armour fits poorly on your strangely shaped body.
Your system is resistant to poisons. (rPois)
You cover ground very slowly.
You have a slow metabolism.
You can spit poison.


Message History

Confirm with . or Enter, or press ? or * to list all spells.
Aiming: Freeze (safe; 4% risk of failure)
Press: ? - help, Shift-Dir - straight line, f/p - kobold
Aim: a kobold, wielding a +0 whip You freeze the kobold.
You kill the kobold!
You have got your breath back.
The kobold hits you.
* * * LOW HITPOINT WARNING * * *
The kobold hits you.
* * * LOW HITPOINT WARNING * * *
Casting: Freeze (safe; 4% risk of failure)
Confirm with . or Enter, or press ? or * to list all spells.
Aiming: Freeze (safe; 4% risk of failure)
Press: ? - help, Shift-Dir - straight line, f - kobold
Aim: a kobold You freeze the kobold.
The kobold is severely wounded.
The kobold hits you.
You die...

.....#.....##...#####.#
.....#.....###### #.#
.....#..........# #.#
##########......## #.#
###<..# #.......####.#
≈≈##.## P#...÷...##...#
≈≈♣#'#P≈≈#.......##.###
≈≈≈≈≈≈≈≈≈♣..........#
≈≈P#+#≈≈≈>.....K@####
♣≈## ##♣P.#.###### ###
##.#.# #########.#)#
..........#)##
.........!%.!#
.........)...#
...............
.................


You could see a kobold.

Vanquished Creatures
  A dart slug (D:1)
  A leopard gecko (D:1)
  A giant cockroach (D:1)
  2 goblins (D:1)
  2 hobgoblins (D:1)
  A bat (D:1)
  2 kobolds (D:1)
  2 rats (D:1)
12 creatures vanquished.

Notes
Turn   | Place    | Note
-------+----------+-------------------------------------------
     0 | D:1      | Atlas the Naga Ice Elementalist began the quest for the
                  | Orb.
     0 | D:1      | Reached XP level 1. HP: 15/15 MP: 3/3
   158 | D:1      | Reached XP level 2. HP: 15/22 MP: 0/5
   566 | D:1      | HP: 1/22 [kobold (3)]
   568 | D:1      | Slain by a kobold

Illustrated notes

Levels and vault maps discovered:
D:1:      sevenhm_arrival_forest_fort_small_4, layout_basic

Action                   || total
-------------------------++-------
Melee: Unarmed           ||    16
 Cast: Freeze            ||    15
 Abil: Spit Poison       ||     3
Armor: Leather armour    ||     7
Dodge: Dodged            ||    12
